 Dungeon Crawl Stone Soup version 0.21.1-1-g345015f (webtiles) character file.

153 inc the Sneak (level 5, 0/31 HPs)
             Began as an Octopode Enchanter on Apr 25, 2018.
             Succumbed to an adder's poison
             ... on level 2 of the Dungeon.
             The game lasted 00:04:24 (2502 turns).

inc the Sneak (Octopode Enchanter)                  Turns: 2502, Time: 00:04:25

Health: 0/31       AC:  1    Str:  8    XL:     5   Next: 35%
Magic:  6/10       EV: 10    Int: 17    God:
Gold:   125        SH:  3    Dex: 13    Spells: 5/11 levels left

rFire    . . .     SeeInvis .   a - +1 dagger
rCold    . . .     Gourm    .   (no shield)
rNeg     . . .     Faith    .   (helmet restricted)
rPois    .         Spirit   .   j - +3 amulet of reflection
rElec    .         Reflect  +   (no ring)
rCorr    .         Harm     .   (no ring)
MR       .....                  (no ring)
Stlth    +++.......             (no ring)
HPRegen  0.10/turn              (no ring)
MPRegen  0.12/turn              (no ring)
                                (no ring)
                                (no ring)

@: lethally poisoned (0 -> -11), constricted
A: almost no armour, stealthy swim, amphibious, 8 rings, constrict 8, camouflage
1, gelatinous body 1
a: no special abilities


You were on level 2 of the Dungeon.
You were hungry.

You visited 1 branch of the dungeon, and saw 3 of its levels.

You collected 125 gold pieces.

Inventory:

Hand Weapons
 a - a +1 dagger (weapon)
Jewellery
 j - a +3 amulet of reflection (around mantle)
 m - an uncursed ring of protection from fire {unknown}
Scrolls
 e - a scroll of blinking {unknown}
 f - 3 scrolls of identify {unknown}
 h - a scroll of teleportation {unknown}
 i - a scroll of random uselessness {unknown}
 l - a scroll of enchant armour {unknown}
Potions
 d - a potion of resistance
Books
 b - a book of Maledictions

   Spells                             Type                      Level
   a - Corona                         Hexes                        1
   b - Ensorcelled Hibernation        Hexes/Ice                    2
   c - Confuse                        Hexes                        3
   d - Tukima's Dance                 Hexes                        3
   e - Dazzling Spray                 Conjuration/Hexes            3
 g - a book of Maledictions

   Spells                             Type                      Level
   a - Corona                         Hexes                        1
   b - Ensorcelled Hibernation        Hexes/Ice                    2
   c - Confuse                        Hexes                        3
   d - Tukima's Dance                 Hexes                        3
   e - Dazzling Spray                 Conjuration/Hexes            3
Comestibles
 c - 2 rations


   Skills:
 - Level 2.0 Short Blades
 - Level 2.0 Dodging
 - Level 4.0 Stealth
 + Level 3.9 Spellcasting
 - Level 3.0 Hexes
 - Level 2.4 Ice Magic


You had 5 spell levels left.
You knew the following spells:

 Your Spells              Type           Power        Failure   Level  Hunger
a - Corona                Hex            ##.....      4%          1    None
b - Ensorcelled Hibernat  Hex/Ice        ##....       8%          2    ##.....
c - Confuse               Hex            ##......     14%         3    ###....


Dungeon Overview and Level Annotations

Branches:
Dungeon (3/15)

Altars:
Dithmenos
Kikubaaqudgha
Sif Muna
Trog
Vehumet


Innate Abilities, Weirdness & Mutations

You cannot wear most types of armour.
You are very stealthy in the water. (Stealth+)
You are amphibious.
You can wear up to eight rings at the same time.
You can use your tentacles to constrict eight enemies at once.
Your skin changes colour to match your surroundings (Stealth+).
Your rubbery body absorbs attacks. (AC +1, EV +1)


Message History

* * * LOW HITPOINT WARNING * * *
You feel sick. The ball python barely misses you. x2
The helpless adder fails to defend itself.
You puncture the adder!
You kill the adder!
The ball python bites you.
* * * LOW HITPOINT WARNING * * *
The ball python grabs you.
* * * LOW HITPOINT WARNING * * *
The ball python constricts you. The adder bites you.
* * * LOW HITPOINT WARNING * * *
You are more poisoned.
The adder poisons you!
Casting: Ensorcelled Hibernation
Confirm with . or Enter, or press ? or * to list all spells.
Aiming: Ensorcelled Hibernation
Press: ? - help, Shift-Dir - straight line, f - adder
Aim: an adder (chance to defeat MR: 51%)
The adder looks drowsy...
You die...

#.# ########## #.#
#........## #.#
#.........# #.#
#.........# #.#
#.........# #.#
#.........# #.#
###'#####.#
#.########.#####S#
...............S@#
#.########'#######
#.######.....#
#......'.....#
########.....#
##..### ##.# ##
#.# #8## #.#


You could see an adder (sleeping) and a ball python.

Vanquished Creatures
  An orc wizard (D:2)
  6 adders
  An ooze (D:2)
  2 worms (D:2)
  A dart slug (D:2)
  A leopard gecko (D:1)
  5 orcs
  3 giant cockroaches
  5 goblins
  3 hobgoblins
  A jackal (D:2)
  2 ball pythons
  13 bats
  5 frilled lizards
  3 kobolds
  7 rats
59 creatures vanquished.

Notes
Turn   | Place    | Note
-------+----------+-------------------------------------------
     0 | D:1      | inc the Octopode Enchanter began the quest for the Orb.
     0 | D:1      | Reached XP level 1. HP: 11/11 MP: 3/3
   287 | D:1      | Reached XP level 2. HP: 17/17 MP: 5/5
   305 | D:1      | Learned a level 2 spell: Ensorcelled Hibernation
   402 | D:1      | Reached skill level 1 in Ice Magic
   532 | D:1      | Reached XP level 3. HP: 21/21 MP: 6/6
   836 | D:2      | Found an ancient bone altar of Kikubaaqudgha.
  1164 | D:2      | Found a radiant altar of Vehumet.
  1170 | D:2      | Found a bloodstained altar of Trog.
  1171 | D:2      | Found a deep blue altar of Sif Muna.
  1172 | D:2      | Found a shadowy altar of Dithmenos.
  1213 | D:2      | Reached XP level 4. HP: 27/27 MP: 4/7
  1510 | D:3      | Learned a level 3 spell: Confuse
  2024 | D:2      | Reached XP level 5. HP: 17/31 MP: 2/10
  2501 | D:2      | HP: 1/31 [adder (3)]
  2502 | D:2      | Succumbed to an adder's poison

Skill      XL: |  1  2  3  4 |
---------------+-------------+-----
Short Blades   | 2 |  2.0
Ice Magic      | 1 2 |  2.4
Spellcasting   | 3 |  3.9
Dodging        | |  2.0
Stealth        | |  4.0
Hexes          | |  3.0

Action                   |  1- 3 |  4- 6 || total
-------------------------+-------+-------++-------
Melee: Dagger            |    78 |    39 ||   117
       Constrict         |    16 |     6 ||    22
       Tentacles         |    13 |     6 ||    19
 Cast: Ensorcelled Hiber |     8 |    24 ||    32
  Use: Potion            |     3 |       ||     3
 Stab: Sleeping          |    13 |    16 ||    29
  Eat: Chunk             |     1 |     5 ||     6
Armor: Skin              |    13 |       ||    13
Dodge: Dodged            |    54 |    48 ||   102
Block: Other             |     1 |    12 ||    13
